AoeStats
← jude__88

Black Forest

509654285Analyzed
2v2 RM · 6d ago on Sep 27, 2026· 42m 36s· 4 players
Game mode
Random Map
Map size
Medium (4 player)
Population
200
Speed
Normal
Resources
Standard
Victory
Conquest
Starting age
Dark Age
Ending age
Imperial Age
RankedLock teamsTeams togetherTeam positionsShared explorationLock speedFull tech treeHidden civsTurbo modeCheats
Victory
Defeat
🇪🇸 Britons · Spain
761
+18
🇪🇸 Hindustanis · Spain
726
+19
🇫🇷 Franks · France
816
-51
🇨🇳 Varangians · China
793
-18
#iNFANTES6#
1:41 Loom
12:10 Feudal Age
16:07 Horse Collar
19:38 Castle Age
17:49 Double-Bit Axe
18:27 Fishing Lines
20:38 Bow Saw
21:09 Heavy Plow
21:34 Gillnets
24:49 Wheelbarrow
27:03 Hand Cart
31:37 Imperial Age
30:06 Gold Mining
30:06 Stone Mining
31:52 Ballistics
33:33 Chemistry
32:38 Siege Engineers
32:23 Town Watch
33:14 Coinage
32:45 Caravan
34:28 Conscription
34:11 Shatagni
34:37 Fletching
34:48 Padded Archer Armor
35:28 Banking
35:25 Husbandry
35:36 Bloodlines
34:47 Heavy Camel Rider
35:41 Forging
35:36 Scale Barding Armor
35:27 Bodkin Arrow
36:06 Elite Ghulam
36:48 Grand Trunk Road
36:15 Imperial Camel Rider
40:03 Iron Casting
40:34 Chain Barding Armor
41:23 Masonry
indy
0:28 Loom
11:16 Feudal Age
16:45 Castle Age
15:27 Double-Bit Axe
15:26 Horse Collar
17:38 Stone Mining
23:12 Bow Saw
24:08 Caravan
26:59 Wheelbarrow
27:15 Town Watch
32:56 Imperial Age
31:11 Fletching
31:22 Padded Archer Armor
31:49 Hand Cart
33:03 Bodkin Arrow
34:02 Conscription
33:47 Bracer
35:20 Yeomen
35:29 Elite Longbowman
36:27 Leather Archer Armor
36:35 Ballistics
38:05 Chemistry
40:50 Ring Archer Armor
40:36 Fortified Wall
jude__88
16:58 Feudal Age
18:21 Double-Bit Axe
19:32 Gold Mining
21:07 Wheelbarrow
23:19 Stone Mining
25:29 Fishing Lines
26:18 Town Watch
30:06 Castle Age
32:25 Hand Cart
32:54 Gold Shaft Mining
32:32 Bow Saw
33:47 Scale Barding Armor
33:52 Forging
36:03 Fervor
35:59 Caravan
36:30 Coinage
36:47 Loom
37:12 Elite Skirmisher
37:13 Crossbowman
38:51 Ordonnance Companies
41:17 Fortified Wall
40:57 Guard Tower
41:03 Murder Holes
40:49 Treadmill Crane
41:20 Masonry
41:34 Ballistics
41:58 Town Patrol
42:02 Man-at-Arms
42:06 Pikeman
42:46 Squires
42:32 Arson
hawk1945
0:49 Loom
13:58 Feudal Age
15:00 Double-Bit Axe
15:54 Horse Collar
20:08 Castle Age
18:50 Fishing Lines
19:53 Fletching
20:16 Forging
21:55 Wheelbarrow
21:54 Bow Saw
21:57 Stone Mining
22:55 Heavy Plow
23:42 Bodkin Arrow
25:06 Hand Cart
24:59 Gillnets
24:59 Town Watch
26:24 Scale Barding Armor
26:48 Gold Mining
27:23 Medium Warships
28:03 Town Patrol
29:15 Husbandry
29:26 Bloodlines
29:01 Elite Skirmisher
31:02 Pikeman
34:56 Imperial Age
32:34 Squires
33:26 Ballistics
33:03 Murder Holes
33:19 Masonry
33:22 Fortified Wall
33:28 Arson
33:30 Gambesons
34:26 Iron Casting
34:13 Chain Barding Armor
33:55 Scale Mail Armor
33:33 Light Cavalry
35:36 Stone Shaft Mining
35:04 Padded Archer Armor
35:16 Caravan
35:10 Vendel Legacy
35:19 Capped Ram
36:11 Gothikon
37:13 Conscription
37:30 Bracer
38:19 Architecture
37:29 Cavalier
39:29 Blast Furnace
39:27 Crop Rotation
41:04 Two-Man Saw
41:20 Heavy Warships
42:34 Chemistry
42:48 Siege Engineers
Connection lost

Rejoining the realm…

Still unreachable

The connection could not be restored.

Session expired

The server has moved on; the page needs a fresh start.